 Dungeon Crawl Stone Soup version 0.17-a0-1-g1f4be75 (webtiles) character file.

64 McCoppin the Slasher (level 3, 0/29 HPs)
             Began as a Demonspawn Chaos Knight on Mar 5, 2015.
             Slain by an adder (1 damage)
             ... on level 2 of the Dungeon.
             The game lasted 00:04:36 (1557 turns).

McCoppin the Slasher (Demonspawn Chaos Knight)      Turns: 1557, Time: 00:04:38

Health: 0/29       AC:  5    Str: 12    XL:     3   Next: 91%
Magic:  0/3        EV: 11    Int: 13    God:    Xom [..*...]
Gold:   79         SH:  0    Dex: 13    Spells: 0 memorised, 2 levels left

rFire  . . .     SeeInvis .     a - +0 falchion (chaos)
rCold  . . .     Clarity  .     b - +2 leather armour
rNeg   . . .     SustAb   .     (no shield)
rPois  .         Gourm    .     (no helmet)
rElec  .         Spirit   +     (no cloak)
rCorr  .         Warding  .     (no gloves)
rMut   .         Stasis   .     (no boots)
MR     .....                    (no amulet)
Stlth  +.........               (no ring)
                                k - ring of wizardry

@: lethally poisoned (0 -> -7), not resistant to hostile enchantments, very
unstealthy
A: magic shield
a: Renounce Religion


You were on level 2 of the Dungeon.
You worshipped Xom.
You were a toy of Xom.
You were not hungry.

You visited 1 branch of the dungeon, and saw 2 of its levels.

You collected 79 gold pieces.

Inventory:

Hand weapons
 a - a +0 falchion of chaos (weapon)
Armour
 b - a +2 leather armour (worn)
Jewellery
 k - a ring of wizardry (left hand)
Magical devices
 m - a wand of flame (31)
Scrolls
 d - a scroll of immolation {unknown}
 e - a scroll of enchant armour {unknown}
 f - 2 scrolls of identify {unknown}
 i - 2 scrolls of remove curse {unknown}
 j - a scroll of teleportation {unknown}
Comestibles
 h - a meat ration
 l - a slice of pizza


   Skills:
 - Level 3.0 Fighting
 + Level 4.4 Long Blades
 - Level 1.7 Armour
 - Level 0.8 Dodging


You had 2 spell levels left.
You didn't know any spells.

Dungeon Overview and Level Annotations

Branches:
Dungeon (2/15)

Altars:


Innate Abilities, Weirdness & Mutations

When hurt, damage is shared between your health and your magic reserves.


Message History

The adder poisons you!
You completely miss the adder.
The adder is heavily wounded.
The adder closely misses you. The adder barely misses you.
You closely miss the adder.
The adder is heavily wounded.
You feel sick. The adder bites you.
* * * LOW HITPOINT WARNING * * *
You closely miss the adder.
The adder is heavily wounded.
* * * LOW HITPOINT WARNING * * *
You feel sick. The adder bites you but does no damage.
The adder closely misses you.
You hit the adder.
The adder is duplicated!
The adder is heavily wounded.
* * * LOW HITPOINT WARNING * * *
You feel sick. The adder closely misses you. The adder bites you.
* * * LOW HITPOINT WARNING * * *
The adder bites you.
You die...

..####<.....#.## #.#
..........###.#####.#
..........# #.##....#
..........# #.##.####
....##.#### #.##.#
....##...####.#..#
.....#P#........##
..##..♣....##...#####
####..........#.@S..#
.................S...#
##.###................#
#.## ...........<....#
#..# #...............#
##.♣♣♣......♣♣♣♣♣....#
#...♣♣..... ....
##♣P.♣♣.. ... ♣♣..♣ .


You could see 2 adders.

Vanquished Creatures
  A gnoll (D:2)
  An adder (D:2)
  A worm (D:2)
  A giant gecko (D:1)
  5 bats
  5 goblins
  5 hobgoblins
  4 jackals (D:1)
  A kobold (D:1)
  A quokka (D:2)
  2 giant newts
  11 rats
38 creatures vanquished.

Vanquished Creatures (others)
  A goblin zombie (D:2)
1 creature vanquished.

Grand Total: 39 creatures vanquished

Notes
Turn   | Place    | Note
--------------------------------------------------------------
     0 | D:1      | McCoppin, the Demonspawn Chaos Knight, began the quest for the Orb.
     0 | D:1      | Reached XP level 1. HP: 18/18 MP: 1/1
    49 | D:1      | XOM: mild Pois miscast
    79 | D:1      | XOM: divination: detect items
   336 | D:1      | Gained mutation: When hurt, damage is shared between your health and your magic reserves. [demonic ancestry]
   336 | D:1      | Reached XP level 2. HP: 21/24 MP: 2/2
   580 | D:1      | XOM: noise
   827 | D:2      | Reached XP level 3. HP: 29/29 MP: 3/3
   884 | D:2      | Reached skill level 4 in Long Blades
   893 | D:2      | XOM: noise
  1227 | D:2      | XOM: smoke on damage
  1557 | D:2      | HP: 1/29 [adder (5)]
  1557 | D:2      | Slain by an adder

Action                   || total
-------------------------++-------
Melee: Falchion          ||   115
  Use: Potion            ||     3
  Eat: Bread ration      ||     1
       Chunk             ||     1
